 Dungeon Crawl Stone Soup version 0.19.0-2-gae57169 (webtiles) character file.

8156 Jerry the Carver (level 11, -2/82 HPs)
             Began as a Minotaur Berserker on Nov 6, 2016.
             Was a High Priest of Trog.
             Slain by an unseen horror (6 damage)
             ... on level 11 of the Dungeon.
             The game lasted 00:28:38 (9148 turns).

Jerry the Carver (Minotaur Berserker)               Turns: 9148, Time: 00:28:39

Health: -2/82      AC: 13    Str: 22    XL:     11   Next: 6%
Magic:  6/6        EV: 11    Int:  3    God:    Trog [*****.]
Gold:   554        SH:  0    Dex: 11    Spells: 0 memorised, 10 levels left

rFire  . . .     SeeInvis .     P - +4 long sword of Nightmares {antimagic, rElec rPois Int-3 Stlth+}
rCold  . . .     Gourm    .     l - +0 ring mail
rNeg   . . .     Faith    .     (no shield)
rPois  +         Spirit   .     (helmet restricted)
rElec  +         Reflect  .     r - +0 cloak
rCorr  .         Harm     .     C - +0 pair of gloves
MR     .....                    k - +0 pair of boots
Stlth  ++........               u - amulet of regeneration
                                B - ring of magical power
                                (no ring)

@: very slightly contaminated, invisible
A: retaliatory headbutt, horns 2
a: Berserk, Trog's Hand, Brothers in Arms, Burn Spellbooks, Renounce Religion


You were on level 11 of the Dungeon.
You worshipped Trog.
Trog was extremely pleased with you.
You were hungry.

You visited 2 branches of the dungeon, and saw 12 of its levels.

You collected 554 gold pieces.

Inventory:

Hand Weapons
 G - a +2 scimitar of slicing
 P - the +4 long sword of Nightmares (weapon) {antimagic, rElec rPois Int-3 Stlth+}
   (You found it on level 9 of the Dungeon)

   It reduces the magical energy of the wielder, and disrupts the spells and
   magical abilities of those hit.
   Natural abilities and divine invocations are not affected.
   It affects your intelligence (-3).
   It insulates you from electricity.
   It protects you from poison.
   It makes you more stealthy.
 Q - a +0 vampiric falchion
Missiles
 T - 2 tomahawks (quivered)
Armour
 k - a +0 pair of boots (worn)
 l - a +0 ring mail (worn)
 r - a +0 cloak (worn)
 C - a +0 pair of gloves (worn)
Jewellery
 u - an amulet of regeneration (around neck)
 B - a ring of magical power (right hand)
Wands
 a - a wand of digging (12/24)
 o - a wand of flame (24/48)
 R - a wand of confusion (32/48)
Scrolls
 d - 2 scrolls of blinking
 f - 3 scrolls of teleportation
 j - a scroll of fear
 q - 3 scrolls of remove curse
 t - 2 scrolls of enchant armour {unknown}
 x - 5 scrolls of identify
 y - a scroll of amnesia {unknown}
 A - 3 scrolls of recharging {unknown}
 E - a scroll of acquirement {unknown}
 J - 5 scrolls of magic mapping {unknown}
 M - a scroll of enchant weapon {unknown}
 N - a scroll of silence {unknown}
Potions
 e - 2 potions of brilliance {unknown}
 g - a potion of cancellation {unknown}
 h - 4 potions of heal wounds {unknown}
 i - 9 potions of curing {unknown}
 m - a potion of berserk rage {unknown}
 p - a potion of haste {unknown}
 s - 2 potions of cure mutation {unknown}
 v - a potion of might {unknown}
 w - a potion of beneficial mutation {unknown}
 F - 5 potions of degeneration {unknown}
 H - a potion of mutation {unknown}
 I - a potion of flight {unknown}
 O - 3 potions of magic {unknown}
Miscellaneous
 S - a fan of gales
Comestibles
 b - 2 chunks of flesh
 c - 7 bread rations
 n - 8 meat rations
 z - 34 fruits
 K - a beef jerky
 L - a slice of pizza


   Skills:
 - Level 3.6 Fighting
 + Level 14.4 Long Blades
 + Level 13.9 Armour
 - Level 2.1 Dodging


You had 10 spell levels left.
You didn't know any spells.

Dungeon Overview and Level Annotations

Branches:
Dungeon (11/15)            Temple (1/1) D:5            Lair (0/6) D:10
    Orc (0/2) D:10

Altars:
Ashenzari
Cheibriados
Dithmenos
Elyvilon
Fedhas
Gozag
Hepliaklqana
Kikubaaqudgha
Makhleb
Nemelex Xobeh
Okawaru
Qazlal
Ru
Sif Muna
Trog
Uskayaw
Vehumet
Xom
Yredelemnul
Zin
The Shining One

Shops:
D:7 =


Innate Abilities, Weirdness & Mutations

You reflexively headbutt those who attack you in melee.
You have a pair of horns on your head.


Message History

Something hits you!
* * * LOW HITPOINT WARNING * * *
Something hits you!
* * * LOW HITPOINT WARNING * * *
Something hits you.
* * * LOW HITPOINT WARNING * * *
Something hits you but does no damage.
You fade into invisibility!
Something hits you.
* * * LOW HITPOINT WARNING * * *
Something hits you but does no damage.
You are very lightly contaminated with residual magic.
You slash something! You headbutt something.
Something hits you but does no damage. Something hits you but does no damage.
Something hits you but does no damage.
You hit something. You headbutt something!
Something hits you but does no damage. Something hits you.
You die...

#####....#
#..?..........# #...
##.......#
##.............# ...
.........#
#..............# #..
...<....##
#..............# ###..
........#
#..............###....
.......##
#.............##...((.
......##
###..........#...((###
#....##
##..........†)####
####.## ##@.......####
##.## ####....####
##.## ####.....###
##.###.....####
#........## ##....÷..#
#.......# ##......#
#......#


There were no monsters in sight!

Vanquished Creatures
  A hill giant (D:10)
  The ghost of UranusSolar the Changer, a novice OpTm (D:7)
  An elephant (D:10)
  A troll (D:10)
  A two-headed ogre (D:8)
  2 hippogriffs
  6 yaks (D:10)
  A basilisk (D:9)
  2 sky beasts
  5 orc warriors
  5 ice beasts
  A black bear (D:6)
  2 phantoms
  A necrophage (D:8)
  5 centaurs
  3 ogres
  A crocodile (D:10)
  A big kobold (D:8)
  8 bullfrogs
  A wyvern skeleton (D:8)
  5 scorpions
  6 killer bees (D:10)
  4 electric eels (D:9)
  3 crimson imps
  A quasit (D:9)
  6 orc priests
  3 hounds
  5 jellies
  11 orc wizards
  2 centaur skeletons (D:10)
  Crazy Yiuf (D:2)
  3 bullfrog skeletons
  5 iguanas
  3 worker ants
  A hound zombie (D:7)
  3 hound skeletons
  A worker ant zombie (D:9)
  11 adders
  2 shadow imps
  An ooze (D:4)
  An adder zombie (D:6)
  2 worms (D:3)
  5 leopard geckos
  27 orcs
  5 giant cockroaches
  10 goblins
  3 hobgoblins (D:1)
  5 jackals
  10 kobolds
  4 quokkas
  2 ball pythons
  5 bats
  2 frilled lizards
  5 rats
212 creatures vanquished.

Vanquished Creatures (others)
  A fungus (D:10)
1 creature vanquished.

Grand Total: 213 creatures vanquished

Notes
Turn   | Place    | Note
-------+----------+-------------------------------------------
     0 | D:1      | Jerry the Minotaur Berserker began the quest for the Orb.
     0 | D:1      | Reached XP level 1. HP: 19/19 MP: 0/0
   155 | D:1      | Found a glowing golden altar of the Shining One.
   220 | D:1      | Reached skill level 4 in Long Blades
   220 | D:1      | Reached XP level 2. HP: 5/26 MP: 1/1
  1175 | D:2      | Reached XP level 3. HP: 20/31 MP: 2/2
  1505 | D:2      | Reached ** piety under Trog
  1603 | D:2      | Found a faded altar of an unknown god.
  1692 | D:2      | Found a runed door.
  1696 | D:2      | Noticed Crazy Yiuf
  1705 | D:2      | Killed Crazy Yiuf
  1705 | D:2      | Reached XP level 4. HP: 39/39 MP: 3/3
  1743 | D:3      | Reached skill level 5 in Long Blades
  1745 | D:3      | Reached skill level 5 in Armour
  1745 | D:3      | Reached XP level 5. HP: 20/45 MP: 4/4
  2553 | D:4      | Reached skill level 6 in Long Blades
  2613 | D:4      | Noticed an ogre
  2618 | D:4      | Killed an ogre
  2618 | D:4      | Reached XP level 6. HP: 51/51 MP: 5/5
  2744 | D:4      | Reached skill level 7 in Long Blades
  3269 | D:5      | Entered Level 5 of the Dungeon
  3269 | D:5      | Found a staircase to the Ecumenical Temple.
  3275 | Temple   | Entered the Ecumenical Temple
  3480 | D:5      | Reached XP level 7. HP: 55/57 MP: 6/6
  3943 | D:6      | Reached *** piety under Trog
  3966 | D:6      | Reached skill level 8 in Long Blades
  4209 | D:6      | You fall through a shaft!
  4454 | D:6      | Reached XP level 8. HP: 55/64 MP: 7/7
  4457 | D:6      | Reached skill level 9 in Long Blades
  5060 | D:7      | Found a hide-covered altar of Uskayaw.
  5063 | D:7      | Found a bloodstained altar of Trog.
  5064 | D:7      | Found a deep blue altar of Sif Muna.
  5066 | D:7      | Found an ancient bone altar of Kikubaaqudgha.
  5349 | D:7      | Found Vuneor's Jewellery Boutique.
  5400 | D:7      | Noticed UranusSolar's ghost (novice OpTm)
  5414 | D:7      | Killed UranusSolar's ghost
  5414 | D:7      | Reached skill level 10 in Long Blades
  5704 | D:8      | Reached skill level 10 in Armour
  5802 | D:8      | Reached XP level 9. HP: 70/70 MP: 8/8
  5899 | D:8      | Found a burning altar of Makhleb.
  5906 | D:8      | Reached skill level 11 in Long Blades
  6060 | D:8      | Reached **** piety under Trog
  6221 | D:8      | Found a sparkling altar of Nemelex Xobeh.
  6221 | D:8      | Found a basalt altar of Yredelemnul.
  6762 | D:9      | Reached skill level 12 in Long Blades
  7296 | D:9      | Reached XP level 10. HP: 62/77 MP: 9/9
  7603 | D:9      | Got a twisted long sword
  7605 | D:9      | Identified the +4 long sword of Nightmares {antimagic, rElec rPois Int-3 Stlth+} (You found it on level 9 of the Dungeon)
  7889 | D:10     | Entered Level 10 of the Dungeon
  8051 | D:10     | Received a gift from Trog
  8064 | D:10     | Found a staircase to the Lair.
  8064 | D:10     | Noticed an elephant
  8068 | D:10     | Reached skill level 13 in Long Blades
  8087 | D:10     | Killed an elephant
  8212 | D:10     | Found a stormy altar of Qazlal.
  8410 | D:10     | Reached ***** piety under Trog
  8491 | D:10     | Found a staircase to the Orcish Mines.
  8696 | D:10     | Noticed a hill giant
  8704 | D:10     | Killed a hill giant
  8704 | D:10     | Reached skill level 14 in Long Blades
  8877 | D:10     | Reached XP level 11. HP: 54/82 MP: 6/10
  9140 | D:11     | HP: 4/82 [something (7)]
  9148 | D:11     | Slain by an unseen horror

Skill      XL: |  1  2  3  4  5  6  7  8  9 10 |
---------------+-------------------------------+-----
Long Blades    | 4 5 6 7 8 10 12 14 | 14.4
Armour         | 3 4 5 6 8 10 12 13 | 13.9
Fighting       | |  3.6
Dodging        | |  2.1

Action                   |  1- 3 |  4- 6 |  7- 9 | 10-12 || total
-------------------------+-------+-------+-------+-------++-------
Melee: Falchion          |    71 |   109 |   187 |       ||   367
       Headbutt          |    12 |    26 |    67 |    54 ||   159
       Scimitar          |       |       |   116 |       ||   116
       Long sword        |       |       |       |   229 ||   229
Invok: Berserk           |     1 |     1 |     4 |     3 ||     9
  Use: Scroll            |       |     7 |       |     3 ||    10
       Potion            |       |       |       |     1 ||     1
 Stab: Sleeping          |     1 |       |       |       ||     1
  Eat: Chunk             |     2 |     7 |    16 |     8 ||    33
       Beef jerky        |       |       |     1 |       ||     1
Armor: Animal skin       |     4 |       |       |       ||     4
       Ring mail         |    26 |    35 |   110 |   121 ||   292
Dodge: Dodged            |    41 |    61 |   117 |    91 ||   310
       Rpst.: Falchion   |    12 |    20 |    20 |       ||    52
       Scimitar          |       |       |     9 |       ||     9
       Long sword        |       |       |       |    23 ||    23
